AoeStats
← NuMa | CarritoDGolf

Black Forest

509538009Analyzed
4v4 RM · 4d ago on Sep 27, 2026· 47m 38s· 8 players
Game mode
Random Map
Map size
Large (8 player)
Population
200
Speed
Normal
Resources
Standard
Victory
Conquest
Starting age
Dark Age
Ending age
Imperial Age
RankedLock teamsTeams togetherTeam positionsShared explorationLock speedFull tech treeHidden civsTurbo modeCheats
Victory
Defeat
🇨🇴 Goths · Colombia
1041
+18
🇺🇸 Armenians · United States
1028
+18
🇵🇪 Persians · Peru
1006
+19
🇲🇽 Spanish · Mexico
976
+20
🇲🇽 Franks · Mexico
1126
-21
🇨🇦 Saracens · Canada
1122
-20
🇵🇪 Slavs · Peru
1100
-20
🇵🇪 Aztecs · Peru
948
-14
Dean
6:02 Loom
12:05 Feudal Age
17:20 Castle Age
15:24 Double-Bit Axe
19:01 Bow Saw
18:35 Horse Collar
20:37 Heavy Plow
22:14 Fishing Lines
23:55 Stone Mining
24:24 Gold Mining
24:38 Loom
26:46 Gold Shaft Mining
27:45 Caravan
28:50 Wheelbarrow
31:32 Imperial Age
30:03 Forging
29:53 Scale Mail Armor
30:28 Scale Mail Armor
30:45 Hand Cart
32:09 Coinage
31:15 Man-at-Arms
31:41 Gambesons
31:56 Squires
31:42 Arson
31:18 Pikeman
33:22 Town Watch
33:03 Long Swordsman
33:03 Halberdier
33:10 Capped Ram
33:45 Two-Handed Swordsman
34:32 Fereters
34:47 Conscription
34:54 Fortified Wall
34:39 Murder Holes
35:39 Iron Casting
35:20 Chain Mail Armor
35:19 Guilds
35:40 Banking
34:33 Champion
34:42 Siege Ram
36:45 Plate Mail Armor
37:20 Blast Furnace
38:29 Fletching
38:39 Padded Archer Armor
39:25 Bodkin Arrow
39:45 Leather Archer Armor
39:13 Treadmill Crane
39:44 Masonry
39:55 Ballistics
40:36 Chemistry
44:05 Elite Skirmisher
46:33 Crossbowman
NuMa | CarritoDGolf
3:15 Loom
10:27 Feudal Age
11:12 Double-Bit Axe
13:07 Horse Collar
17:29 Gold Mining
18:17 Wheelbarrow
19:56 Stone Mining
22:37 Castle Age
21:47 Forging
22:27 Scale Mail Armor
23:28 Bow Saw
24:39 Squires
24:57 Chain Mail Armor
25:19 Iron Casting
24:09 Man-at-Arms
25:30 Heavy Plow
25:24 Stone Mining
30:58 Stone Shaft Mining
29:46 Long Swordsman
31:11 Anarchy
32:34 Wheelbarrow
31:51 Town Watch
33:24 Padded Archer Armor
33:14 Fletching
36:24 Imperial Age
33:30 Elite Skirmisher
33:55 Elite Skirmisher
36:14 Pikeman
36:29 Two-Handed Swordsman
38:36 Blast Furnace
37:12 Halberdier
38:36 Conscription
39:09 Leather Archer Armor
Javier137649
0:27 Loom
13:00 Feudal Age
15:27 Town Watch
18:03 Castle Age
17:22 Double-Bit Axe
17:42 Stone Mining
19:03 Fishing Lines
23:35 Bow Saw
32:17 Imperial Age
30:59 Inquisition
31:21 Gillnets
32:27 Fortified Wall
32:28 Masonry
31:50 Pikeman
32:30 Squires
33:22 Conscription
32:52 Gambesons
33:09 Padded Archer Armor
33:10 Scale Mail Armor
33:06 Horse Collar
33:00 Elite Skirmisher
33:46 Thumb Ring
34:25 Redemption
35:28 Heavy Plow
38:30 Chain Mail Armor
38:31 Leather Archer Armor
Jc
12:52 Feudal Age
13:28 Double-Bit Axe
17:14 Castle Age
15:36 Fishing Lines
17:45 Wheelbarrow
18:46 Bow Saw
19:36 Horse Collar
25:29 Loom
25:59 Hand Cart
25:38 Town Watch
27:01 Gillnets
31:04 Imperial Age
29:49 Scale Barding Armor
29:55 Forging
30:19 Stone Mining
30:22 Gold Mining
30:47 Heavy Plow
31:18 Town Patrol
31:44 Bloodlines
31:34 Husbandry
30:56 Elite War Elephant
31:57 Conscription
31:57 Citadels
33:15 Stone Shaft Mining
33:17 Gold Shaft Mining
33:57 Hoardings
33:51 Chain Barding Armor
34:07 Iron Casting
35:01 Two-Man Saw
34:50 Crop Rotation
35:49 Plate Barding Armor
35:27 Kamandaran
37:24 Blast Furnace
40:36 Devotion
41:13 Fletching
47:08 Guilds
eward17
11:36 Feudal Age
12:45 Double-Bit Axe
16:38 Castle Age
14:33 Horse Collar
17:33 Bow Saw
19:04 Wheelbarrow
20:12 Fishing Lines
21:06 Hand Cart
22:17 Gold Mining
22:17 Stone Mining
23:08 Heavy Plow
23:51 Gold Shaft Mining
26:11 Gillnets
29:05 Imperial Age
28:16 Padded Archer Armor
30:01 Leather Archer Armor
29:52 Scale Barding Armor
29:57 Forging
30:52 Chemistry
30:59 Conscription
33:27 Onager
34:36 Siege Engineers
35:22 Counterweights
38:32 Two-Man Saw
38:51 Ring Archer Armor
38:43 Chain Barding Armor
38:58 Iron Casting
41:05 Fletching
41:39 Ballistics
41:30 Masonry
41:15 Murder Holes
41:31 Fortified Wall
Alanccino
0:26 Loom
11:28 Feudal Age
12:14 Double-Bit Axe
19:15 Castle Age
19:44 Elite Skirmisher
21:36 Fletching
21:46 Padded Archer Armor
22:08 Bow Saw
23:32 Fishing Lines
27:55 Gillnets
32:56 Imperial Age
30:13 Town Watch
31:03 Wheelbarrow
30:59 Gold Mining
30:59 Stone Mining
31:42 Bodkin Arrow
32:02 Leather Archer Armor
31:58 Forging
31:54 Scale Barding Armor
32:40 Husbandry
34:38 Gold Shaft Mining
33:31 Cavalier
35:51 Chain Barding Armor
36:00 Caravan
36:38 Chivalry
37:55 Plate Barding Armor
37:53 Paladin
40:15 Pikeman
40:41 Gambesons
40:57 Squires
40:42 Arson
41:01 Scale Mail Armor
41:37 Iron Casting
44:24 Halberdier
45:32 Chain Mail Armor
48:14 Blast Furnace
47:45 Plate Mail Armor
Alichok (Rexxar)
3:16 Loom
12:09 Feudal Age
14:56 Double-Bit Axe
16:25 Arson
24:18 Castle Age
23:44 Gold Mining
26:11 Wheelbarrow
25:52 Bow Saw
25:12 Eagle Warrior
25:53 Squires
25:38 Gambesons
29:30 Forging
29:21 Scale Mail Armor
38:22 Imperial Age
41:04 Gold Shaft Mining
MACS-X
0:37 Loom
13:59 Feudal Age
18:01 Castle Age
16:26 Horse Collar
16:34 Double-Bit Axe
19:54 Wheelbarrow
20:21 Fishing Lines
21:39 Bow Saw
24:27 Gillnets
30:02 Scale Barding Armor
30:08 Forging
30:03 Heavy Plow
32:39 Imperial Age
31:57 Chain Barding Armor
32:13 Iron Casting
32:49 Detinets
33:09 Husbandry
33:20 Bloodlines
33:41 Conscription
34:12 Plate Barding Armor
34:23 Scale Mail Armor
35:24 Blast Furnace
34:18 Pikeman
34:59 Squires
34:29 Elite Boyar
35:13 Halberdier
36:07 Stone Mining
36:08 Gold Mining
36:50 Crop Rotation
37:42 Chemistry
38:13 Chain Mail Armor
38:40 Druzhina
Connection lost

Rejoining the realm…

Still unreachable

The connection could not be restored.

Session expired

The server has moved on; the page needs a fresh start.